 Dungeon Crawl Stone Soup version 0.31.0-11-ge490571c62 (webtiles) character file.

Game seed: 5144404218818254018

5900 puppykicker the Priest (level 10, -24/74 HPs)
             Began as a Hill Orc Reaver on Jan 31, 2024.
             Was a Believer of Beogh.
             Killed from afar by a fire dragon (37 damage)
             ... with a blast of flame
             ... on level 9 of the Dungeon.
             The game lasted 00:23:52 (8309 turns).

puppykicker the Priest (Hill Orc Reaver)            Turns: 8309, Time: 00:23:52

Health: -24/74     AC: 10    Str: 16    XL:     10   Next: 82%
Magic:  17/21      EV: 11    Int: 17    God:    Beogh [**....]
Gold:   238        SH:  0    Dex:  9    Spells: 4/12 levels left

rFire   . . .        a - +0 war axe
rCold   . . .        (no shield)
rNeg    . . .        u - +2 leather armour {rPois} {rPois}
rPois   +            (no helmet)
rElec   .            x - +0 cloak
rCorr   .            o - +2 pair of gloves
SInv    .            C - +0 pair of boots
Will    .....        R - amulet of regeneration
Stlth   +            (no ring)
HPRegen 1.12/turn    (no ring)
MPRegen 0.17/turn

%: no passive effects
@: no status effects
A: no striking features
a: Renounce Religion, Smiting


You were on level 9 of the Dungeon.
You worshipped Beogh.
Beogh was pleased with you.
You visited 1 branch of the dungeon, and saw 9 of its levels.

You collected 441 gold pieces.
You spent 203 gold pieces at shops.

Inventory:

Hand Weapons
 a - a +0 war axe (weapon)
 b - a +2 sling of flaming
Missiles
 j - a curare-tipped dart
 p - a throwing net
 s - 3 boomerangs (quivered)
 B - 6 datura-tipped darts
Armour
 o - a +2 pair of gloves (worn)
 u - a +2 leather armour of poison resistance (worn) {rPois}
 x - a +0 cloak (worn)
 C - a +0 pair of boots (worn)
Jewellery
 H - a +6 ring of intelligence
 R - an amulet of regeneration (around neck)
Wands
 y - a wand of flame (15)
 D - a wand of roots (1)
 G - a wand of paralysis (12)
Scrolls
 c - a scroll of brand weapon {unknown}
 e - 2 scrolls of fear
 f - 2 scrolls of fog
 l - a scroll of immolation {unknown}
 q - a scroll of enchant armour {unknown}
 t - 2 scrolls of teleportation
 v - 2 scrolls of enchant weapon
 w - a scroll of silence
 z - 2 scrolls of revelation
 F - a scroll of torment {!r}
Potions
 d - a potion of heal wounds {unknown}
 g - a potion of mutation {unknown}
 h - 3 potions of attraction {unknown}
 k - a potion of enlightenment {unknown}
 m - 5 potions of degeneration {unknown}
 n - 3 potions of curing
 r - a potion of might {unknown}
 A - a potion of lignification {unknown}
 E - 2 potions of brilliance


   Skills:
 - Level 2.4 Fighting
 + Level 14.5 Axes
 - Level 1.5 Dodging
 - Level 1.5 Spellcasting
 - Level 3.0 Conjurations
 + Level 14.7 Invocations


You had 4 spell levels left.
You knew the following spells:

 Your Spells              Type           Power      Damage    Failure   Level
a - Kiss of Death         Conj/Necr      24%        2d7       14%         1
b - Summon Small Mammal   Summ           4%         N/A       26%         1
c - Call Canine Familiar  Summ           1%         N/A       58%         3
g - Apportation           Tloc           2%         N/A       26%         1
j - Jinxbite              Hex            2%         N/A       36%         2

Your spell library contained the following spells:

 Spells                   Type           Power      Damage    Failure   Level
 Momentum Strike          Conj/Tloc      12%        3d8       21%         2
 Hailstorm                Conj/Ice       6%         3d5       38%         3
 Frozen Ramparts          Ice            2%         1d1       58%         3
 Leda's Liquefaction      Alch/Erth      0%         N/A       94%         4
 Olgreb's Toxic Radiance  Alch           1%         N/A       94%         4
 Petrify                  Alch/Erth      1%         N/A       94%         4
 Summon Blazeheart Golem  Fire/Summ      1%         N/A       94%         4
 Alistair's Intoxication  Alch           0%         N/A       100%        5
 Metabolic Englaciation   Hex/Ice        0%         N/A       100%        5
 Ozocubu's Refrigeration  Ice            0%         4d7       100%        7
 Discord                  Hex            0%         N/A       100%        8


Dungeon Overview and Level Annotations

Branches:
Dungeon (9/15)             Temple (0/1) D:5
   Lair: D:8-11         Orc: D:9-12

Altars:

Shops:
D:3 ?


Message History

You hit the laughing skull.
The laughing skull is severely damaged.
You hear a shout!
You hear a roar!
The laughing skull lets out a vicious peal of laugher.
The bolt of negative energy hits you.
You feel drained.
* * * LOW HITPOINT WARNING * * *
The laughing skull headbutts you.
* * * LOW HITPOINT WARNING * * *
You take 10 damage, and have 12/71 hp.
Unknown command.
Aiming: Smiting
Press: ? - help, Dir - move target, f - laughing skull Smite: a laughing skull (severely damaged)
You smite the laughing skull!!!
You destroy the laughing skull!
The water moccasin bites you.
* * * LOW HITPOINT WARNING * * *
You take 3 damage, and have 9/73 hp.
You now have 17/20 mp.
Unknown command.
Okay, then.
Aiming: Fastroot
Press: ? - help, Shift-Dir - straight line, f - water moccasin
Aim: a water moccasin (almost dead)
The roots erupt in riotous growth!
Roots grab the water moccasin.
Roots grab the two-headed ogre.
The grasping roots constrict the water moccasin.
You kill the water moccasin!
The grasping roots constrict the two-headed ogre.
You hear a howl!
The two-headed ogre struggles to escape constriction.
A fire dragon comes into view.
Your life force feels restored.
Unknown command.
The grasping roots constrict the two-headed ogre.
The roots release their grip on the two-headed ogre.
The fire dragon breathes flames at you. The blast of flame hits you!!!
Ouch! That really hurt!
You die...

####### ## ###
#.†.†<# .. ..#
#.###.# . #.# ###.#
#.# #. #.# #...#
#.#
#.###.###.#####.#
#...............#
#.###.#.....#####.#
#.....#@#########..
#####.#...DO.....#
#.....#..###.###..
#####...## .. #..##
..# #.## ..# #.# ..
#.# . #..


You could see a fire dragon (catching breath) and a two-headed ogre.

Levels and vault maps discovered:
D:1:      dpeg_arrival_tiny_g, layout_loops_cross, ebering_ecumenical_altar_hall
D:2:      layout_loops_ring
D:3:      lemuel_castle_with_subvaults [lemuel_castle_interior_carwin_2],
          layout_loops_ring, serial_shops, shop, minmay_strange_pillars,
          uniq_natasha, uniq_crazy_yiuf_cottage
D:4:      layout_loops_ring, nicolae_concentric_dashed_squares_wild
D:5:      layout_basic, minmay_temple_entry_antechambers
D:6:      layout_rooms, minmay_tree_intersection, uniq_duvessa, uniq_sigmund
D:7:      layout_loops_ring
D:8:      layout_cave_pods, uniq_joseph
D:9:      minmay_the_grid_octo_triangle [minmay_the_grid_octo_chip,
          minmay_the_grid_octo_prize_star, minmay_the_grid_octo_empty],
          layout_basic, xom_teletrap_fun, kennysheep_just_a_vault

Notes
Turn   | Place    | Note
-------+----------+-------------------------------------------
     0 | D:1      | puppykicker the Hill Orc Reaver began the quest for the
                  | Orb.
     0 | D:1      | Reached XP level 1. HP: 18/18 MP: 3/3
    12 | D:1      | Identified a +0 dagger
    38 | D:1      | Identified a +0 club
    56 | D:1      | Found a faded altar of an unknown god.
    61 | D:1      | Reached XP level 2. HP: 21/25 MP: 4/4
   198 | D:1      | Learned a level 1 spell: Summon Small Mammal
   275 | D:1      | Identified a +0 hand axe
   281 | D:1      | Identified a +0 dagger
   303 | D:1      | Identified a +0 club
   350 | D:1      | Identified a +0 whip
   361 | D:1      | Reached skill level 5 in Axes
   419 | D:1      | Identified a +0 ring mail
   544 | D:1      | Identified a +0 club
   571 | D:1      | Identified a +0 ring mail
   694 | D:2      | Identified a +1 falchion of holy wrath
   694 | D:2      | Identified a +1 short sword of electrocution
   694 | D:2      | Identified a +0 ring mail
   694 | D:2      | Identified a +0 dagger
   694 | D:2      | Identified a +0 robe
   695 | D:2      | Identified a +0 short sword
   695 | D:2      | Identified a +0 trident
   701 | D:2      | Reached XP level 3. HP: 19/30 MP: 5/5
   701 | D:2      | Became a worshipper of Beogh the Brigand
   804 | D:2      | Identified a +0 scale mail
   897 | D:2      | Identified a +0 dagger
  1068 | D:2      | Identified an amulet of regeneration
  1068 | D:2      | Identified a +0 dagger
  1201 | D:2      | Identified a +0 ring mail
  1270 | D:3      | Reached skill level 6 in Axes
  1285 | D:3      | Identified a +2 pair of gloves
  1310 | D:3      | Identified a +0 ring mail
  1346 | D:3      | Identified an amulet of the acrobat
  1385 | D:3      | Identified a +0 flail
  1386 | D:3      | Identified a +0 club
  1387 | D:3      | Identified a +0 pair of gloves
  1439 | D:3      | Noticed Natasha
  1439 | D:3      | Identified a +0 short sword
  1461 | D:3      | Killed Natasha
  1462 | D:3      | Reached XP level 4. HP: 36/37 MP: 6/6
  1470 | D:3      | Identified a +0 whip
  1496 | D:3      | Identified a +0 hand axe
  1520 | D:3      | Identified a +0 war axe
  1529 | D:3      | Reached * piety under Beogh
  1530 | D:3      | Reached skill level 1 in Invocations
  1555 | D:3      | Found Wilaw's Magic Scroll Shoppe.
  1559 | D:3      | Bought a scroll of identify for 28 gold pieces
  1559 | D:3      | Bought a scroll of noise for 14 gold pieces
  1560 | D:3      | Identified a scroll of poison
  1561 | D:3      | Identified a scroll of teleportation
  1566 | D:3      | Identified a +0 dagger of draining
  1566 | D:3      | Identified a +0 leather armour
  1568 | D:3      | Identified a +0 whip
  1568 | D:3      | Identified a +0 ring mail
  1569 | D:3      | Identified a +0 spear
  1588 | D:3      | Reached skill level 2 in Invocations
  1588 | D:3      | Reached XP level 5. HP: 42/42 MP: 7/7
  1764 | D:3      | Identified a +0 flail
  1764 | D:3      | Identified a +0 flail
  1765 | D:3      | Identified a +0 club
  1777 | D:3      | Reached skill level 3 in Invocations
  1780 | D:3      | Identified a +0 short sword
  1780 | D:3      | Identified a +0 scale mail
  1797 | D:3      | Reached skill level 4 in Invocations
  1802 | D:3      | Reached skill level 5 in Invocations
  1802 | D:3      | Reached XP level 6. HP: 48/50 MP: 7/9
  1841 | D:3      | Identified a +0 spear
  1842 | D:3      | Identified a +0 short sword
  1843 | D:3      | Identified a +0 whip
  1847 | D:3      | Identified a +0 halberd
  1847 | D:3      | Identified a +0 club
  1848 | D:3      | Identified a +0 whip
  1848 | D:3      | Identified a +0 leather armour
  1961 | D:3      | Identified a +0 whip
  1961 | D:3      | Identified a +0 dagger
  1961 | D:3      | Identified a +0 robe
  2017 | D:3      | Reached skill level 6 in Invocations
  2031 | D:3      | Identified a +0 mace
  2058 | D:3      | Identified a +0 short sword
  2067 | D:3      | Identified a +0 mace
  2067 | D:3      | Identified a +0 chain mail
  2112 | D:3      | Identified a +0 flail
  2112 | D:3      | Identified a +0 leather armour
  2142 | D:3      | Bought a scroll of fear for 56 gold pieces
  2147 | D:3      | Identified a +0 spear
  2152 | D:3      | Reached ** piety under Beogh
  2159 | D:3      | Identified a +0 dagger
  2159 | D:3      | Identified a +0 robe
  2165 | D:3      | Identified a +0 club
  2166 | D:3      | Identified a +0 trident
  2166 | D:3      | Identified a +0 ring mail
  2166 | D:3      | Identified a +0 buckler
  2170 | D:3      | Identified a +0 dagger
  2170 | D:3      | Identified a +0 leather armour
  2170 | D:3      | Identified a +0 dagger
  2170 | D:3      | Identified a +2 leather armour of poison resistance
  2206 | D:3      | Reached skill level 7 in Invocations
  2206 | D:3      | Reached XP level 7. HP: 37/56 MP: 12/12
  2252 | D:3      | Identified a +0 trident
  2269 | D:3      | Reached skill level 7 in Axes
  2384 | D:3      | Identified a +0 spear
  2420 | D:3      | Identified a +0 club
  2444 | D:3      | Identified a +0 short sword
  2457 | D:3      | Identified a +0 club
  2682 | D:3      | Found a runed translucent door.
  2683 | D:3      | Identified a +4 quarterstaff of chaos
  2683 | D:3      | Identified a +0 cloak
  2683 | D:3      | Noticed Crazy Yiuf
  2695 | D:3      | Killed Crazy Yiuf
  2759 | D:3      | Noticed Natasha
  2761 | D:3      | Identified a +2 spear
  2763 | D:3      | Identified a +1 spear
  2765 | D:3      | Identified a +0 spear
  2766 | D:3      | Killed Natasha
  2767 | D:3      | Reached skill level 8 in Invocations
  2939 | D:3      | Noticed Natasha
  2945 | D:3      | Identified a +0 spear
  2958 | D:3      | Identified a +0 spear
  2988 | D:3      | Identified a +1 spear
  2989 | D:3      | Identified a +1 spear
  2990 | D:3      | Identified a +2 spear
  2995 | D:3      | Killed Natasha
  3043 | D:4      | Identified a +0 dagger
  3043 | D:4      | Identified a +1 leather armour of poison resistance
  3044 | D:4      | Identified a +0 flail
  3045 | D:4      | Identified a +0 falchion
  3046 | D:4      | Identified a +0 war axe
  3060 | D:4      | Reached skill level 8 in Axes
  3089 | D:4      | Identified a +0 club
  3260 | D:4      | Reached XP level 8. HP: 62/62 MP: 14/14
  3277 | D:4      | Identified a +0 falchion of electrocution
  3345 | D:4      | Identified a scroll of revelation
  3421 | D:4      | Identified a +0 short sword
  3421 | D:4      | Identified a +0 chain mail
  3422 | D:4      | Identified a +0 whip
  3422 | D:4      | Identified a +0 leather armour of poison resistance
  3422 | D:4      | Identified a +0 club
  3422 | D:4      | Identified a +0 hand axe
  3477 | D:4      | Identified a +0 pair of boots
  3498 | D:4      | Identified a +0 club
  3506 | D:4      | Identified a +0 sling
  3532 | D:4      | Learned a level 1 spell: Apportation
  3535 | D:4      | Learned a level 2 spell: Jinxbite
  3539 | D:4      | Learned a level 3 spell: Call Canine Familiar
  3578 | D:4      | Identified a +0 sling
  3860 | D:5      | Entered Level 5 of the Dungeon
  3872 | D:5      | Found a staircase to the Ecumenical Temple.
  3991 | D:5      | Reached skill level 9 in Invocations
  4012 | D:5      | Identified a scroll of torment
  4013 | D:5      | Identified a scroll of silence
  4042 | D:5      | Reached skill level 9 in Axes
  4076 | D:5      | Identified a +1 ring mail of poison resistance
  4108 | D:5      | Identified a +0 giant spiked club
  4119 | D:5      | HP: 13/62 [ogre/+0 giant spiked club (14)]
  4196 | D:5      | Identified a +0 quarterstaff
  4238 | D:5      | Identified a +0 scale mail
  4320 | D:3      | Bought a scroll of enchant weapon for 105 gold pieces
  4372 | D:5      | Identified a +0 hand axe
  4426 | D:5      | Identified a +0 dagger
  4437 | D:5      | Reached *** piety under Beogh
  4586 | D:5      | Reached skill level 10 in Invocations
  4897 | D:6      | Reached skill level 10 in Axes
  4911 | D:6      | Identified a +0 rapier
  4911 | D:6      | Identified a +1 leather armour of cold resistance
  4911 | D:6      | Noticed Duvessa
  4911 | D:6      | Identified a +0 dagger
  4911 | D:6      | Identified a +0 robe
  4911 | D:6      | Noticed Dowan
  4935 | D:6      | Killed Duvessa
  4939 | D:6      | HP: 14/62 [Dowan/+0 dagger (4)]
  4940 | D:6      | Killed Dowan
  4941 | D:6      | Identified a +0 plate armour
  5011 | D:6      | Reached XP level 9. HP: 68/68 MP: 15/17
  5032 | D:6      | Identified a +0 short sword
  5034 | D:6      | Identified a +0 whip
  5034 | D:6      | Identified a +0 leather armour
  5034 | D:6      | Identified a +0 mace
  5035 | D:6      | Identified a +0 club
  5035 | D:6      | Identified a +0 leather armour
  5047 | D:6      | Identified a +0 whip
  5053 | D:6      | HP: 14/68 [orc priest/divine providence (16)]
  5058 | D:6      | Identified a +0 whip
  5059 | D:6      | Reached skill level 11 in Invocations
  5128 | D:6      | Identified a +0 club
  5128 | D:6      | Identified a +0 chain mail
  5194 | D:6      | Identified a +0 dagger of venom
  5194 | D:6      | Identified a +0 robe
  5194 | D:6      | Identified a +1 short sword of protection
  5194 | D:6      | Identified a +0 mace
  5194 | D:6      | Identified a +0 ring mail
  5194 | D:6      | Identified a +2 short sword of venom
  5194 | D:6      | Identified a +0 ring mail
  5195 | D:6      | Identified a +0 club
  5196 | D:6      | Identified a +1 scythe of pain
  5196 | D:6      | Identified a +0 robe
  5196 | D:6      | Noticed Sigmund
  5203 | D:6      | Identified a +0 leather armour
  5216 | D:6      | Identified a potion of brilliance
  5216 | D:6      | HP: 17/68 [something (2)]
  5217 | D:6      | Identified 4 potions of curing
  5239 | D:6      | Killed Sigmund
  5240 | D:6      | Reached skill level 11 in Axes
  5350 | D:6      | Identified a +0 club
  5350 | D:6      | Identified a +0 scale mail
  5411 | D:6      | Identified a +0 flail
  5411 | D:6      | Identified a +0 ring mail
  5550 | D:7      | Identified a +0 giant club
  5550 | D:7      | Identified a +0 giant club
  5550 | D:7      | Noticed a two-headed ogre
  5551 | D:7      | Identified a +0 whip
  5551 | D:7      | Identified a +0 spear
  5552 | D:7      | Identified a +0 halberd
  5552 | D:7      | Identified a +0 robe
  5727 | D:7      | Reached skill level 12 in Invocations
  5755 | D:7      | Killed a two-headed ogre
  5756 | D:7      | Reached skill level 12 in Axes
  5861 | D:7      | Identified a +0 sling
  5959 | D:7      | Identified a +0 hand axe
  5962 | D:7      | Reached XP level 10. HP: 74/74 MP: 19/19
  5962 | D:7      | Identified a +0 morningstar
  5962 | D:7      | Identified a +0 ring mail
  5962 | D:7      | Identified a +0 short sword
  5962 | D:7      | Identified a +0 chain mail
  5968 | D:7      | Identified a +0 club
  5975 | D:7      | Identified a +0 club (You took it off an orc on level 7 of
                  | the Dungeon)
  5975 | D:7      | Identified a +0 leather armour (You took it off an orc on
                  | level 7 of the Dungeon)
  6009 | D:7      | Identified a +0 mace
  6200 | D:7      | Reached skill level 13 in Invocations
  6523 | D:8      | Identified a +3 short sword
  6523 | D:8      | Identified a +0 robe
  6523 | D:8      | Identified a +4 falchion of freezing
  6523 | D:8      | Identified a +0 robe
  6523 | D:8      | Identified a +0 spear
  6523 | D:8      | Identified a +0 robe
  6673 | D:8      | Identified a +3 halberd of freezing
  6673 | D:8      | Identified a +0 robe
  6766 | D:7      | Reached skill level 13 in Axes
  6940 | D:8      | Identified a +0 short sword
  6940 | D:8      | Identified a +0 leather armour
  6949 | D:8      | Identified a +0 war axe
  6949 | D:8      | Identified a +0 leather armour
  6952 | D:8      | Identified a +0 scimitar
  6952 | D:8      | Identified a +1 chain mail of poison resistance
  6972 | D:8      | HP: 18/74 [orc warrior/+0 scimitar (5)]
  6973 | D:8      | HP: 3/74 [orc warrior/+0 scimitar (16)]
  7352 | D:8      | Identified a +1 halberd
  7352 | D:8      | Identified a +0 chain mail
  7354 | D:8      | Identified a +4 long sword of freezing
  7354 | D:8      | Identified a +0 ring mail
  7357 | D:8      | Identified a +0 spear
  7357 | D:8      | Identified a +0 robe
  7357 | D:8      | Identified a +0 shortbow
  7437 | D:8      | Identified a +0 robe
  7460 | D:8      | Identified a +0 shortbow
  7461 | D:8      | Identified a +0 quarterstaff
  7461 | D:8      | Identified a +2 sling of flaming
  7461 | D:8      | Identified a +0 ring mail
  7461 | D:8      | Noticed Joseph
  7526 | D:8      | Identified a +0 ring mail
  7528 | D:8      | Identified a +6 ring of intelligence
  7535 | D:8      | Reached skill level 14 in Invocations
  7751 | D:8      | Reached skill level 14 in Axes
  7880 | D:8      | Identified +0 steam dragon scales
  7889 | D:8      | Killed Joseph
  8273 | D:9      | Identified 2 scrolls of fog
  8297 | D:9      | Identified a +0 giant club
  8297 | D:9      | Identified a +0 giant club
  8297 | D:9      | Noticed a two-headed ogre
  8304 | D:9      | HP: 12/71 [laughing skull (6)]
  8306 | D:9      | Noticed a fire dragon
  8309 | D:9      | Killed from afar by a fire dragon

Table legend: (Time is in decaauts)
 A = Elapsed time spent in this place.
 B = Non-inter-level travel time spent in this place.
 C = Inter-level travel time spent in this place.
 D = Time resting spent in this place.
 E = Time spent auto-exploring this place.
 F = Levels seen in this place.
 G = Mean time per level.
                   A        B        C        D        E       F      G
               +--------+--------+--------+--------+--------+-----+--------+
         Total |   8329 |   7685 |    644 |   1205 |   4336 |   9 |  925.4 |
       Dungeon |   8329 |   7685 |    644 |   1205 |   4336 |   9 |  925.4 |
               +--------+--------+--------+--------+--------+-----+--------+

Top non-repeatable levels by time:
     D:3: 1894 daAuts
     D:8: 1470 daAuts
     D:7: 1043 daAuts
     D:4: 880 daAuts
     D:5: 853 daAuts
     D:6: 786 daAuts
     D:1: 677 daAuts
     D:2: 587 daAuts
     D:9: 136 daAuts

Table legend:
 A = Kills in this place as a percentage of kills in the entire game.
 B = Kills by you in this place as a percentage of kills by you in the entire game.
 C = Kills by friends in this place as a percentage of kills by friends in the entire game.
 D = Other kills in this place as a percentage of other kills in the entire game.
 E = Experience gained in this place as a percentage of experience gained in the entire game.
 F = Experience gained in this place divided by the number of levels of this place that you have seen.
                   A       B       C       D       E      F
               +-------+-------+-------+-------+-------+----------------------
         Total | 100.0 | 100.0 | 100.0 |   N/A | 100.0 | 936.6
       Dungeon | 100.0 | 100.0 | 100.0 |   N/A | 100.0 | 936.6
               +-------+-------+-------+-------+-------+----------------------

Skill      XL: |  1  2  3  4  5  6  7  8  9 10 |
---------------+-------------------------------+-----
Axes           | 5 6 8 10 12 14 | 14.5
Invocations    | 2 5 7 8 10 12 14 | 14.7
Fighting       | |  2.4
Dodging        | |  1.5
Spellcasting   | |  1.5
Conjurations   | |  3.0

Action                     |  1- 3 |  4- 6 |  7- 9 | 10-12 || total
---------------------------+-------+-------+-------+-------++-------
  Melee: Hand axe          |    97 |    24 |       |       ||   121
         War axe           |       |   154 |   421 |   218 ||   793
         Punch             |       |     1 |     6 |     3 ||    10
   Fire: Sling             |       |       |     4 |     2 ||     6
  Throw: Stone             |     7 |     7 |     7 |       ||    21
         Boomerang         |       |       |     5 |       ||     5
   Cast: Summon Small Mamm |     5 |       |     2 |       ||     7
         Kiss of Death     |       |       |     1 |       ||     1
 Invoke: Convert to Beogh  |     1 |       |       |       ||     1
         Smiting           |       |       |     3 |     8 ||    11
  Evoke: Wand              |       |       |     1 |     6 ||     7
    Use: Scroll            |       |     2 |     5 |     2 ||     9
         Potion            |       |       |     2 |       ||     2
   Stab: Distracted        |       |       |       |     1 ||     1
 Armour: Leather armour    |    12 |       |   336 |   181 ||   529
         Ring mail         |    45 |   143 |     8 |       ||   196
  Dodge: Dodged            |    71 |    97 |   219 |   124 ||   511

Vanquished Creatures
  A two-headed ogre (D:7)
  Joseph (D:8)
  A slime creature (D:9)
  9 yaks
  A wyvern (D:8)
  A steam dragon (D:8)
  2 water moccasins
  Duvessa (D:6)
  A black bear (D:5)
  A sky beast (D:6)
  An ice beast (D:5)
  A laughing skull (D:9)
  An ogre (D:5)
  2 centaurs (D:8)
  A phantom (D:7)
  A kobold brigand (D:6)
  2 bullfrogs
  4 scorpions
  A gnoll sergeant (D:3)
  7 wights
  Dowan (D:6)
  5 killer bees (D:9)
  4 howler monkeys
  8 hounds
  2 jellies (D:6)
  3 orc priests
  A bombardier beetle (D:5)
  Crazy Yiuf (D:3)
  A sleepcap (D:4)
  Natasha (thrice) (D:3)
  3 orc wizards
  14 gnolls
  2 adders
  2 shadow imps
  2 white imps
  2 ufetubi (D:5)
  3 dart slugs
  A ribbon worm (D:5)
  31 orcs
  4 ball pythons
  3 endoplasms
  3 giant cockroaches
  9 goblins
  3 hobgoblins
  12 jackals (D:3)
  5 kobolds
  2 quokkas
  4 bats
  3 frilled lizards
  5 rats
182 creatures vanquished.

Vanquished Creatures (collateral kills)
  Sigmund (D:6)
  A black bear (D:7)
  An orc priest (D:6)
  2 orcs
  A bat (D:1)
6 creatures vanquished.

Vanquished Creatures (others)
  An orc warrior (D:8)
  2 orc priests
  9 orcs
12 creatures vanquished.

Grand Total: 200 creatures vanquished
